 Dungeon Crawl Stone Soup version 0.29-a0-414-g5075937ec3 (webtiles) character file.

Game seed: 17744727242037581518

49 trckry the Ducker (level 3, -2/28 HPs)
             Began as a Demonspawn Wanderer on May 15, 2022.
             Was a Follower of Dithmenos.
             Killed by nerve-wracking pain
             ... invoked by Jessica
              (7 damage)
             ... on level 2 of the Dungeon.
             The game lasted 00:02:23 (1470 turns).

trckry the Ducker (Demonspawn Wanderer)             Turns: 1470, Time: 00:02:24

Health: -2/28      AC:  3    Str:  9 (11) XL:     3   Next: 51%
Magic:  4/4        EV: 13    Int: 10 (11) God:    Dithmenos [*.....]
Gold:   88         SH:  0    Dex: 15 (17) Spells: 2/2 levels left

rFire   . . .      SeeInvis .   a - +0 short sword
rCold   . . .      Faith    .   (no shield)
rNeg    . . .      Spirit   .   c - +0 leather armour
rPois   .          Reflect  .   (no helmet)
rElec   .          Harm     .   (no cloak)
rCorr   .          Rampage  .   (no gloves)
Will    .....                   (no boots)
Stlth   +.........              (no amulet)
HPRegen 0.09/turn               (no ring)
MPRegen 0.09/turn               (no ring)

@: slowed, wreathed by umbra, very slow
A: foul stench 1
a: Renounce Religion


You were on level 2 of the Dungeon.
You worshipped Dithmenos.
Dithmenos was aware of your devotion.
You visited 1 branch of the dungeon, and saw 2 of its levels.

You collected 88 gold pieces.

Inventory:

Hand Weapons
 a - a +0 short sword (weapon)
Missiles
 b - 4 throwing nets (quivered)
Armour
 c - a +0 leather armour (worn)
Scrolls
 e - 4 scrolls of teleportation
 g - a scroll of poison {unknown}
 i - a scroll of noise {unknown}
 j - a scroll of summoning {unknown}
 k - a scroll of brand weapon {unknown}
 l - a scroll of blinking {unknown}
Potions
 d - a potion of attraction


   Skills:
 + Level 2.5 Fighting
 - Level 1.0 Short Blades
 - Level 4.5 Dodging
 - Level 2.4 Invocations
 + Level 2.5 Evocations


You had 2 spell levels left.
You didn't know any spells.
Your spell library contained the following spells:

 Spells                   Type           Power      Damage    Failure   Level
 Pain                     Necr           0%         1d4       47%         1
 Agony                    Necr           0%         N/A       100%        5
 Excruciating Wounds      Necr           0%         N/A       100%        5


Dungeon Overview and Level Annotations

Branches:
Dungeon (2/15)

Altars:
Dithmenos
Nemelex Xobeh

Annotations:
D:2 Jessica


Innate Abilities, Weirdness & Mutations

You may rarely emit foul miasma when damaged in melee.


Message History

You hit the kobold.
The kobold is moderately wounded.
The kobold hits you with a +0 short sword.
Jessica gestures at you while chanting.
You feel as though you will be slow longer.
The kobold barely misses you.
You take 1 damage, and have 20/28 hp.
You hit the kobold.
You kill the kobold!
Dithmenos accepts your kill.
Jessica shouts, "Stop bothering me, or I'll kill you!"
Jessica points at you and mumbles some strange words.
Pain shoots through your body! Jessica casts a spell at you.
You resist with some effort.
You take 4 damage, and have 16/28 hp.
You completely miss Jessica.
Jessica is heavily wounded.
Jessica gestures wildly while chanting.
Jessica blinks!
Jessica mumbles some strange words.
Jessica blinks!
Jessica gestures wildly while chanting.
Jessica blinks!
Things that are here:
a +0 short sword; a stone You closely miss Jessica.
Jessica is heavily wounded.
Jessica casts a spell at you. You resist with some effort.
Jessica shouts, "You're disturbing me!
I'll have to kill you!"
Jessica points at you and mumbles some strange words.
Pain shoots through your body!
* * * LOW HITPOINT WARNING * * *
You take 11 damage, and have 5/28 hp.
MASSIVE DAMAGE!!
You hit Jessica.
Jessica is severely wounded.
Jessica casts a spell at you. Pain shoots through your body!
You die...

##.## #..#
#######.# #+#
#.......## #.#
#........# #.#
#...†....## #.#
#.........# #.#
#....[....###.#
####..._...##@#
##........@#
#.........#
#.#.......#
#.........#
###.......#
#.....?.#
#........
######....


You could see Jessica (fast).

Vanquished Creatures
  An adder (D:2)
  A worm (D:2)
  A dart slug (D:1)
  A bat (D:1)
  5 endoplasms
  2 giant cockroaches
  A goblin (D:1)
  A hobgoblin (D:2)
  3 kobolds
  A quokka (D:1)
  5 ball pythons
  3 frilled lizards (D:1)
  10 rats (D:1)
35 creatures vanquished.

Notes
Turn   | Place    | Note
-------+----------+-------------------------------------------
     0 | D:1      | trckry the Demonspawn Wanderer began the quest for the Orb.
     0 | D:1      | trckry set off with the following items: a +0 short sword,
                  | 3 throwing nets, a +0 leather armour, a potion of
                  | attraction, a scroll of teleportation
     0 | D:1      | Reached XP level 1. HP: 15/15 MP: 2/2
   394 | D:1      | Gained mutation: You may rarely emit foul miasma when
                  | damaged in melee. [demonic ancestry]
   394 | D:1      | Reached XP level 2. HP: 16/21 MP: 3/3
   650 | D:1      | Found a faded altar of an unknown god.
   709 | D:1      | Prayed at the altar of an unknown god.
   709 | D:1      | Became a worshipper of Dithmenos the Shadowed
   709 | D:1      | Reached * piety under Dithmenos
  1064 | D:1      | Reached XP level 3. HP: 26/27 MP: 4/4
  1435 | D:2      | Found a sparkling altar of Nemelex Xobeh.
  1456 | D:2      | Noticed Jessica
  1470 | D:2      | Killed from afar by Jessica

Illustrated notes

Levels and vault maps discovered:
D:1:      nicolae_arrival_washed_ashore, layout_loops_ring,
          ebering_ecumenical_altar_abandoned, minmay_misc_feat_iff,
          minmay_rat_gold_closets
D:2:      layout_basic, basic_altar, uniq_jessica, uniq_natasha

Skill      XL: |  1  2 |
---------------+-------+-----
Fighting       | 2 |  2.5
Evocations     | 2 |  2.5
Short Blades   | |  1.0
Dodging        | |  4.5
Invocations    | |  2.4

Action                   || total
-------------------------++-------
Melee: Short sword       ||   103
       Punch             ||     1
  Use: Potion            ||     2
 Stab: Sleeping          ||     7
Armor: Leather armour    ||    16
Dodge: Dodged            ||    49

Table legend: (Time is in decaauts)
 A = Elapsed time spent in this place.
 B = Non-inter-level travel time spent in this place.
 C = Inter-level travel time spent in this place.
 D = Time resting spent in this place.
 E = Time spent auto-exploring this place.
 F = Levels seen in this place.
 G = Mean time per level.
                   A        B        C        D        E       F      G
               +--------+--------+--------+--------+--------+-----+--------+
         Total |   1478 |   1462 |     16 |      0 |   1187 |   2 |  739.0 |
       Dungeon |   1478 |   1462 |     16 |      0 |   1187 |   2 |  739.0 |
               +--------+--------+--------+--------+--------+-----+--------+

Top non-repeatable levels by time:
     D:1: 1172 daAuts
     D:2: 306 daAuts
